BSA
NASHVILLE G-STRINGS @ ST. LOUIS BROWNS
09/28/2027
 
TOP OF THE 1ST
Madison Bombers batting - Pitching for St. Louis Browns : RHP Claudio Martínez
Pitching: RHP Claudio Martínez
Batting: SHB Martín Medina 0-0: Called Strike
0-1: Ball
1-1: Ball
2-1: SINGLE (Groundball, 6MD)
Batting: LHB George Smith 0-0: Ball
1-0: Ball
2-0: Fielders Choice at 2nd, 1-4 (Groundball, 15)
Batting: RHB Sergio Márquez 0-0: Ball
1-0: Ball
2-0: Foul Ball, location: 2F
2-1: Swinging Strike
2-2: Ball
3-2: Foul Ball, location: 2F
3-2: Strikes out swinging
Batting: SHB Jorge Flores 0-0: Called Strike
Pickoff Throw to First - Out!
Top of the 1st over - 0 run(s), 1 hit(s), 0 error(s), 0 left on base; Madison 0 - St. Louis 0
BOTTOM OF THE 1ST
St. Louis Browns batting - Pitching for Madison Bombers : RHP Bennie Jones
Pitching: RHP Bennie Jones
Batting: SHB Ryobe Yamamoto 0-0: Called Strike
0-1: Ball
1-1: Called Strike
1-2: Ground out 6-3 (Groundball, 6S)
Batting: RHB José Flores 0-0: Fly out, F8 (Flyball, 8LD)
Batting: LHB Jorge Torres 0-0: SINGLE (Groundball, 4MD)
Batting: LHB Robin Hill 0-0: Called Strike
0-1: Swinging Strike
0-2: Fly out, F8 (Line Drive, 8RM)
Bottom of the 1st over - 0 run(s), 1 hit(s), 0 error(s), 1 left on base; Madison 0 - St. Louis 0
TOP OF THE 2ND
Madison Bombers batting - Pitching for St. Louis Browns : RHP Claudio Martínez
Batting: SHB Jorge Flores 0-0: SINGLE (Groundball, 6MD)
Batting: RHB Will Brown 0-0: Swinging Strike
0-1: Called Strike
0-2: Ball
Jorge Flores is caught stealing 2nd base
1-2: Ground out 6-3 (Groundball, 6)
Batting: RHB John Denton 0-0: Ball
1-0: Foul Ball, location: 2F
1-1: Fly out, F8 (Flyball, 8RS)
Top of the 2nd over - 0 run(s), 1 hit(s), 0 error(s), 0 left on base; Madison 0 - St. Louis 0
BOTTOM OF THE 2ND
St. Louis Browns batting - Pitching for Madison Bombers : RHP Bennie Jones
Batting: RHB Anthony Rucker 0-0: Ball
1-0: Ball
2-0: Called Strike
2-1: Ball
3-1: Base on Balls
Batting: RHB Danny Walker 0-0: Ball
1-0: Ball
2-0: Fly out, F9 (Flyball, 9S)
Batting: LHB Junior Coates 0-0: Ball
Anthony Rucker steals 2nd base
1-0: Fly out, F7 (Flyball, 7S)
Batting: RHB Vicente Valentín 0-0: Foul Ball, location: 2F
0-1: Called Strike
0-2: Ball
1-2: Ground out 6-3 (Groundball, 6)
Bottom of the 2nd over - 0 run(s), 0 hit(s), 0 error(s), 1 left on base; Madison 0 - St. Louis 0
TOP OF THE 3RD
Madison Bombers batting - Pitching for St. Louis Browns : RHP Claudio Martínez
Batting: RHB Kirk Powell 0-0: Foul Ball, location: 2F
0-1: Called Strike
0-2: Ball
1-2: Foul Ball, location: 2F
1-2: Ball
2-2: Fly out, F8 (Flyball, 89D)
Batting: RHB Hunter Plunket 0-0: Fly out, F9 (Flyball, 89M)
Batting: RHB Jesús Cabrera 0-0: Ball
1-0: Ball
2-0: Ball
3-0: Called Strike
3-1: Called Strike
3-2: Foul Ball, location: 2F
3-2: Strikes out swinging
Top of the 3rd over - 0 run(s), 0 hit(s), 0 error(s), 0 left on base; Madison 0 - St. Louis 0
BOTTOM OF THE 3RD
St. Louis Browns batting - Pitching for Madison Bombers : RHP Bennie Jones
Batting: RHB Adrian Prouse 0-0: Ball
1-0: Called Strike
1-1: Swinging Strike
1-2: Ball
2-2: Foul Ball, location: 2F
2-2: DOUBLE (Line Drive, 8LD)
Batting: SHB Ryobe Yamamoto 0-0: Called Strike
0-1: Foul Ball, location: 2F
0-2: Strikes out swinging
Batting: RHB José Flores 0-0: Ball
Adrian Prouse steals 3rd base
1-0: Foul Ball, location: 2F
1-1: Ball
2-1: Ball
3-1: Ground out 5-3 (Groundball, 5S)
Batting: LHB Jorge Torres 0-0: Called Strike
0-1: Fly out, F8 (Flyball, 8LM)
Bottom of the 3rd over - 0 run(s), 1 hit(s), 0 error(s), 1 left on base; Madison 0 - St. Louis 0
TOP OF THE 4TH
Madison Bombers batting - Pitching for St. Louis Browns : RHP Claudio Martínez
Batting: SHB Martín Medina 0-0: Called Strike
0-1: Bunt for hit - play at first, batter safe!
Batting: LHB George Smith 0-0: Called Strike
0-1: Ball
1-1: Ball
2-1: Swinging Strike
2-2: Strikes out looking
Batting: RHB Sergio Márquez 0-0: Ball
1-0: Ball
2-0: Foul Ball, location: 2F
2-1: Foul Ball, location: 2F
2-2: Grounds into double play, 6-4-3 (Groundball, 6)
Top of the 4th over - 0 run(s), 1 hit(s), 0 error(s), 0 left on base; Madison 0 - St. Louis 0
BOTTOM OF THE 4TH
St. Louis Browns batting - Pitching for Madison Bombers : RHP Bennie Jones
Batting: LHB Robin Hill 0-0: Fly out, F8 (Flyball, 8LS)
Batting: RHB Anthony Rucker 0-0: Ball
1-0: Ball
2-0: Ball
3-0: Called Strike
3-1: Base on Balls
Batting: RHB Danny Walker 0-0: Foul Ball, location: 2F
0-1: Ball
Anthony Rucker steals 2nd base
1-1: Foul Ball, location: 2F
1-2: Foul Ball, location: 2F
1-2: Strikes out swinging
Batting: LHB Junior Coates 0-0: Called Strike
0-1: Ball
1-1: Foul Ball, location: 2F
1-2: Ball
2-2: Ball
3-2: Base on Balls
Batting: RHB Vicente Valentín 0-0: Called Strike
0-1: Ball
1-1: Fielders Choice at 2nd, 5-4 (Groundball, 5L)
Bottom of the 4th over - 0 run(s), 0 hit(s), 0 error(s), 1 left on base; Madison 0 - St. Louis 0
TOP OF THE 5TH
Madison Bombers batting - Pitching for St. Louis Browns : RHP Claudio Martínez
Batting: SHB Jorge Flores 0-0: Called Strike
0-1: Foul Ball, location: 2F
0-2: Strikes out looking
Batting: RHB Will Brown 0-0: Ball
1-0: Swinging Strike
1-1: Called Strike
1-2: Ball
2-2: Foul Ball, location: 2F
2-2: Ball
3-2: Foul Ball, location: 2F
3-2: Strikes out swinging
Batting: RHB John Denton 0-0: Fly out, F2 (Popup, 3S)
Top of the 5th over - 0 run(s), 0 hit(s), 0 error(s), 0 left on base; Madison 0 - St. Louis 0
BOTTOM OF THE 5TH
St. Louis Browns batting - Pitching for Madison Bombers : RHP Bennie Jones
Batting: RHB Adrian Prouse 0-0: SINGLE (Line Drive, 7LS)
Batting: SHB Ryobe Yamamoto 0-0: Foul Ball, location: 2F
0-1: Ball
1-1: Ball
2-1: Foul Ball, location: 2F
2-2: Fly out, F7 (Flyball, 7)
Batting: RHB José Flores 0-0: Called Strike
0-1: Ball
1-1: SINGLE (Groundball, 56D)
Adrian Prouse to second
Batting: LHB Jorge Torres 0-0: Ball
1-0: SINGLE (Line Drive, 56)
Adrian Prouse to third
José Flores to second
Batting: LHB Robin Hill 0-0: Ball
1-0: Foul Ball, location: 2F
1-1: Foul Ball, location: 2F
1-2: SINGLE (Line Drive, 34D)
Adrian Prouse scores
José Flores to third
Jorge Torres to second
Batting: RHB Anthony Rucker 0-0: Ball
1-0: Foul Ball, location: 2F
1-1: Ball
2-1: Ball
3-1: Called Strike
3-2: SINGLE (Groundball, 56) (infield hit)
José Flores scores
Jorge Torres to third
Robin Hill to second
Batting: RHB Danny Walker 0-0: Ball
1-0: Foul Ball, location: 2F
1-1: Swinging Strike
1-2: Foul Ball, location: 2F
1-2: SINGLE (Line Drive, 34D)
Jorge Torres scores
Robin Hill to third
Anthony Rucker to second
Runner from 3rd tries for Home, SAFE, no throw
Batting: LHB Junior Coates 0-0: Ball
1-0: Ball
2-0: Ball
3-0: Foul Ball, location: 2F
3-1: DOUBLE (Line Drive, 8RXD)
Anthony Rucker scores
Danny Walker to third
Runner from 3rd tries for Home, SAFE, throw made at trailing runner, SAFE at third!
Pitching: RHP Cipriano Montáñez
Batting: RHB Vicente Valentín 0-0: Called Strike
0-1: Foul Ball, location: 2F
0-2: Foul Ball, location: 2F
0-2: Ball
1-2: Strikes out swinging
Batting: RHB Adrian Prouse 0-0: Ball
1-0: Ball
2-0: Called Strike
2-1: SINGLE (Groundball, 56D)
Junior Coates scores
Batting: SHB Ryobe Yamamoto 0-0: Ball
1-0: Fly out, F5 (Line Drive, 56)
Bottom of the 5th over - 7 run(s), 8 hit(s), 0 error(s), 1 left on base; Madison 0 - St. Louis 7
TOP OF THE 6TH
Madison Bombers batting - Pitching for St. Louis Browns : RHP Claudio Martínez
Batting: RHB Kirk Powell 0-0: Ball
1-0: Foul Ball, location: 2F
1-1: Ball
2-1: Foul Ball, location: 2F
2-2: Strikes out swinging
Batting: RHB Hunter Plunket 0-0: Ball
1-0: Swinging Strike
1-1: Swinging Strike
1-2: Strikes out swinging
Batting: RHB Jesús Cabrera 0-0: Ball
1-0: Fly out, F8 (Line Drive, 8LD)
Top of the 6th over - 0 run(s), 0 hit(s), 0 error(s), 0 left on base; Madison 0 - St. Louis 7
BOTTOM OF THE 6TH
St. Louis Browns batting - Pitching for Madison Bombers : RHP Cipriano Montáñez
Batting: RHB José Flores 0-0: Called Strike
0-1: Ground out 5-3 (Groundball, 56S)
Batting: LHB Jorge Torres 0-0: Ground out 4-3 (Groundball, 4)
Batting: LHB Robin Hill 0-0: Foul Ball, location: 2F
0-1: Ball
1-1: Ball
2-1: Ball
3-1: SINGLE (Line Drive, 9S)
Batting: RHB Anthony Rucker 0-0: Called Strike
0-1: Ball
1-1: Foul Ball, location: 2F
1-2: Foul Ball, location: 2F
1-2: Fielders Choice at 2nd, 4-6 (Groundball, 4)
Bottom of the 6th over - 0 run(s), 1 hit(s), 0 error(s), 0 left on base; Madison 0 - St. Louis 7
TOP OF THE 7TH
Madison Bombers batting - Pitching for St. Louis Browns : RHP Claudio Martínez
Batting: SHB Martín Medina 0-0: Called Strike
0-1: Foul Ball, location: 2F
0-2: Foul Ball, location: 2F
0-2: Ball
1-2: Ball
2-2: Strikes out swinging
Batting: LHB George Smith 0-0: Fly out, F7 (Flyball, 7LSF)
Batting: RHB Sergio Márquez 0-0: Ball
1-0: Swinging Strike
1-1: Ball
2-1: SINGLE (Groundball, 34D)
Batting: SHB Jorge Flores 0-0: Ball
1-0: Called Strike
1-1: Foul Ball, location: 2F
1-2: Ball
2-2: Ball
3-2: Fly out, F7 (Flyball, 7D)
Top of the 7th over - 0 run(s), 1 hit(s), 0 error(s), 1 left on base; Madison 0 - St. Louis 7
BOTTOM OF THE 7TH
St. Louis Browns batting - Pitching for Madison Bombers : RHP Cipriano Montáñez
Batting: RHB Danny Walker 0-0: Ball
1-0: Ball
2-0: DOUBLE (Flyball, 89M)
Batting: LHB Junior Coates 0-0: Ball
1-0: Called Strike
1-1: Ground out 1-3 (Groundball, 13S)
Danny Walker to third
Batting: RHB Vicente Valentín 0-0: Ball
1-0: Ball
2-0: SINGLE (Line Drive, 89M)
Danny Walker scores
Batting: RHB Adrian Prouse 0-0: Ball
1-0: Ball
2-0: Ball
3-0: Called Strike
3-1: Base on Balls
Vicente Valentín to second
Batting: SHB Ryobe Yamamoto 0-0: Ball
1-0: Ball
Vicente Valentín steals 3rd base
Adrian Prouse to second
2-0: Ball
3-0: Called Strike
3-1: Base on Balls
Batting: RHB José Flores 0-0: Called Strike
0-1: Ball
1-1: Ball
2-1: Foul Ball, location: 2F
2-2: Strikes out swinging
Batting: LHB Jorge Torres 0-0: SINGLE (Groundball, 34D)
Vicente Valentín scores
Adrian Prouse to third
Ryobe Yamamoto to second
Runner from 3rd tries for Home, SAFE, no throw
Batting: LHB Robin Hill 0-0: Called Strike
0-1: Ball
1-1: Ground out 6-3 (Groundball, 6S)
Bottom of the 7th over - 3 run(s), 3 hit(s), 0 error(s), 2 left on base; Madison 0 - St. Louis 10
TOP OF THE 8TH
Madison Bombers batting - Pitching for St. Louis Browns : RHP Claudio Martínez
Now at SS: Octávio Marín
Batting: RHB Will Brown 0-0: Ball
1-0: Called Strike
1-1: Foul Ball, location: 2F
1-2: Foul Ball, location: 2F
1-2: SINGLE (Line Drive, 6MD)
Pitching: RHP Beau Brown
Batting: RHB John Denton 0-0: Swinging Strike
0-1: Ball
1-1: Swinging Strike
1-2: Strikes out looking
Batting: RHB Kirk Powell 0-0: Foul Ball, location: 2F
0-1: Swinging Strike
0-2: Strikes out looking
Batting: RHB Hunter Plunket 0-0: Called Strike
0-1: Fielders Choice at 2nd, 6-4 (Groundball, 6)
Top of the 8th over - 0 run(s), 1 hit(s), 0 error(s), 0 left on base; Madison 0 - St. Louis 10
BOTTOM OF THE 8TH
St. Louis Browns batting - Pitching for Madison Bombers : RHP Cipriano Montáñez
Pitching: LHP George Moore
Batting: RHB Anthony Rucker 0-0: Foul Ball, location: 2F
0-1: Fly out, F9 (Flyball, 9LSF)
Batting: RHB Danny Walker 0-0: Ball
1-0: Ground out 5-3 (Groundball, 5S)
Batting: LHB Junior Coates 0-0: Fly out, F7 (Flyball, 7LM)
Bottom of the 8th over - 0 run(s), 0 hit(s), 0 error(s), 0 left on base; Madison 0 - St. Louis 10
TOP OF THE 9TH
Madison Bombers batting - Pitching for St. Louis Browns : RHP Beau Brown
Batting: RHB Jesús Cabrera 0-0: Ground out 1-3 (Groundball, P)
Batting: SHB Martín Medina 0-0: SINGLE (Groundball, 4MD)
Pinch Hitting: LHB Mike Callahan 0-0: Ball
1-0: Foul Ball, location: 2F
1-1: Called Strike
1-2: Strikes out swinging
Batting: RHB Sergio Márquez 0-0: Called Strike
0-1: Ball
1-1: Swinging Strike
1-2: Strikes out swinging
Top of the 9th over - 0 run(s), 1 hit(s), 0 error(s), 1 left on base; Madison 0 - St. Louis 10
Thursday, March 30th, 2017 - OOTP Baseball 17.12 Build 75